 Dungeon Sprint DCSS version 0.21-a0-238-geb0acef (webtiles) character file.

5523 Kidiri the Eclecticist (level 10, -6/62 HPs)
             Began as a Deep Elf Fire Elementalist on Sept 2, 2017.
             Was the Champion of Vehumet.
             Mangled by a spiny frog (17 damage)
             ... in the Dungeon (Sprint III: "The Ten Rune Challenge").
             The game lasted 00:10:41 (2048 turns).

Kidiri the Eclecticist (Deep Elf Fire Elementalist) Turns: 2048, Time: 00:10:41

Health: -6/62      AC:  2    Str:  5    XL:     10   Next: 43%
Magic:  23/32      EV: 19    Int: 24    God:    Vehumet [******]
Gold:   38         SH:  0    Dex: 15    Spells: 17/42 levels left

rFire    . . .     SeeInvis .   l - +2 dagger (protect)
rCold    + . .     Gourm    .   (no shield)
rNeg     . . .     Faith    .   (no armour)
rPois    .         Spirit   .   (no helmet)
rElec    .         Reflect  .   (no cloak)
rCorr    .         Harm     .   j - +0 pair of gloves
MR       +....     NoTele   +   (no boots)
Stlth    +.........             (no amulet)
HPRegen  0.20/turn              (no ring)
MPRegen  0.23/turn              (no ring)

@: lethally poisoned (-6 -> -11), very slightly contaminated, very slow
A: rugged brown scales 1, cold resistance 1
a: Renounce Religion


You were in the Dungeon.
You worshipped Vehumet.
Vehumet was exalted by your worship.
You were not hungry.

You visited 1 branch You collected 38 gold pieces.

Inventory:

Hand Weapons
 b - a +1 dagger of holy wrath
 l - a +2 dagger of protection (weapon)
Armour
 a - a +0 robe
 d - a +1 robe of magic resistance
 j - a +0 pair of gloves (worn)
Scrolls
 i - a scroll of blinking
 o - 4 scrolls of remove curse
 r - a scroll of holy word
Potions
 e - a potion of might
 f - 2 potions of haste
 g - 2 potions of magic
 h - 2 potions of berserk rage
 q - a potion of agility
 t - 2 potions of flight
Comestibles
 c - a bread ration
 m - 28 royal jellies
 p - a meat ration


   Skills:
 + Level 6.6 Fighting
 + Level 7.9 Short Blades
 + Level 6.4 Armour
 + Level 9.8 Dodging
 - Level 2.4 Stealth
 * Level 16.7 Spellcasting
 + Level 10.5 Conjurations
 + Level 10.8 Fire Magic
 + Level 1.9 Ice Magic
 + Level 4.9 Poison Magic


You had 17 spell levels left.
You knew the following spells:

 Your Spells              Type           Power        Failure   Level  Hunger
a - Flame Tongue          Conj/Fire      #####        1%          1    None
b - Throw Flame           Conj/Fire      ######       1%          2    None
c - Conjure Flame         Conj/Fire      ######..     1%          3    None
d - Inner Flame           Hex/Fire       #####...     1%          3    None
e - Ignite Poison         Fire/Tmut/Pois #####...     1%          3    None
f - Sticky Flame          Conj/Fire      ######..     1%          4    None
g - Fireball              Conj/Fire      ######....   1%          5    None
h - Throw Icicle          Conj/Ice       #####...     1%          4    None


Dungeon Overview and Level Annotations

Branches:
Dungeon (1/1)

Altars:
Cheibriados
Dithmenos
Elyvilon
Fedhas
Gozag
Hepliaklqana
Kikubaaqudgha
Makhleb
Nemelex Xobeh
Okawaru
Qazlal
Ru
Sif Muna
Trog
Uskayaw
Vehumet
Wu Jian
Xom
Yredelemnul
Zin
The Shining One
Beogh
Jiyva
Lugonu

Annotations:
D exclusion: 2 doors


Innate Abilities, Weirdness & Mutations

You are partially covered in rugged brown scales. (AC +1, +3% HP)
Your flesh is cold resistant. (rC+)


Message History

Casting: Flame Tongue
Confirm with . or Enter, or press ? or * to list all spells.
Aiming: Sticky Flame
Press: ? - help, Shift-Dir - straight line, f/p - komodo dragon
Aim: a komodo dragon (moderately wounded)
The sticky flame hits the komodo dragon.
The komodo dragon is moderately wounded.
The komodo dragon is covered in liquid flames!
You feel sick.
The komodo dragon burns!
The komodo dragon misses you.
Unknown command.
You feel sick.
The komodo dragon burns!
You feel sick.
The komodo dragon burns!
You enter the shallow water.
Moving in this stuff is going to be slow.
You feel sick.
The komodo dragon burns!
The komodo dragon stops burning.
The spiny frog closely misses you.
You feel sick. The komodo dragon bites you!!
* * * LOW HITPOINT WARNING * * *
The spiny frog stings you!
You die...

.......# ######'#
#__#...#+########################
#__#...#....#.#.#)....#......+.%%
#__#..)##)#).#.##)###.#......#%%%
#__#...'##.#.#.##.#..##......#%..
#__+...#...#..#..##..'..%....#...
▓▓▓▓▓▓▓▓▓▓▓▓▓▓▓▓▓▓▓▓▓#.......#%%.
♣§≈≈.†......F@≈...#.......#%..
♣'♣≈≈≈≈≈≈≈≈≈≈l≈♣♣P.'.......#%..
Fl♣♣♣♣♣♣♣♣♣♣♣♣♣♣♣♣PP#.......####
#.. ♣♣♣##+###### ##


You could see a komodo dragon and a spiny frog.

Vanquished Creatures
  Erolcha (D)
  A deep elf mage (D)
  A spiny frog (D)
  3 wandering mushrooms (D)
  A queen bee (D)
  A shadow (D)
  2 redbacks (D)
  A spatial vortex (D)
  A necrophage (D)
  5 two-headed ogres (D)
  A water elemental (D)
  32 killer bees (D)
  A jelly (D)
  A wizard (D)
  Jessica (D)
  A necromancer (D)
  3 humans (D)
  A kobold demonologist (D)
  An ooze (D)
  A phantom (D)
  A rat (D)
61 creatures vanquished.

Vanquished Creatures (others)
  2 draconian scorchers (D)
  2 yaktaurs (D)
  6 hellions (D)
10 creatures vanquished.

Grand Total: 71 creatures vanquished

Notes
Turn   | Place    | Note
-------+----------+-------------------------------------------
     0 | D        | Kidiri the Deep Elf Fire Elementalist began the quest for the Orb.
     0 | D        | Reached XP level 1. HP: 10/10 MP: 6/6
    21 | D        | Reached skill level 4 in Spellcasting
    23 | D        | Killed a yaktaur
    68 | D        | Noticed Jessica
    73 | D        | Killed Jessica
    73 | D        | Reached skill level 6 in Spellcasting
    73 | D        | Reached XP level 2. HP: 6/15 MP: 4/11
    73 | D        | Reached XP level 3. HP: 7/19 MP: 4/12
    77 | D        | Learned a level 2 spell: Throw Flame
    81 | D        | Learned a level 3 spell: Conjure Flame
    85 | D        | Learned a level 3 spell: Inner Flame
   111 | D        | Killed a hellion
   111 | D        | Killed a hellion
   111 | D        | Killed a hellion
   176 | D        | Killed a hellion
   188 | D        | Killed a hellion
   190 | D        | Killed a hellion
   238 | D        | Killed a white draconian scorcher
   297 | D        | Reached skill level 7 in Spellcasting
   297 | D        | Reached skill level 5 in Fire Magic
   329 | D        | Killed a yaktaur
   430 | D        | Killed a white draconian scorcher
   492 | D        | Gained mutation: Your spells are a little easier to cast, but a little less powerful. [potion of mutation]
   492 | D        | Gained mutation: You are partially covered in iridescent scales. (AC +2) [potion of mutation]
   493 | D        | Lost mutation: You are partially covered in iridescent scales. (AC +2) [potion of mutation]
   493 | D        | Lost mutation: Your spells are a little easier to cast, but a little less powerful. [potion of mutation]
   493 | D        | Gained mutation: You are weak. (Str -2) [potion of mutation]
   493 | D        | Gained mutation: You are partially covered in rugged brown scales. (AC +1, +3% HP) [potion of mutation]
   493 | D        | Gained mutation: You have a pair of small horns on your head. [potion of mutation]
   494 | D        | Lost mutation: You have a pair of small horns on your head. [potion of mutation]
   494 | D        | Gained mutation: Scrolls take you a little longer to read. [potion of mutation]
   494 | D        | Lost mutation: You are weak. (Str -2) [potion of mutation]
   494 | D        | Gained mutation: Your flesh is cold resistant. (rC+) [potion of mutation]
   495 | D        | Lost mutation: Scrolls take you a little longer to read. [potion of mutation]
   495 | D        | Lost mutation: Your flesh is cold resistant. (rC+) [potion of mutation]
   495 | D        | Gained mutation: Your flesh is cold resistant. (rC+) [potion of mutation]
   495 | D        | Gained mutation: You are weak. (Str -2) [potion of mutation]
   495 | D        | Lost mutation: You are weak. (Str -2) [potion of mutation]
   625 | D        | Noticed a water elemental
   627 | D        | Killed a water elemental
   627 | D        | Reached skill level 9 in Spellcasting
   627 | D        | Reached XP level 4. HP: 24/24 MP: 10/17
   635 | D        | Learned a level 4 spell: Sticky Flame
   673 | D        | Found a radiant altar of Vehumet.
   674 | D        | Found a deep blue altar of Sif Muna.
   674 | D        | Found an ancient bone altar of Kikubaaqudgha.
   674 | D        | Noticed a wizard
   676 | D        | Killed a wizard
   676 | D        | Reached skill level 5 in Conjurations
   676 | D        | Reached XP level 5. HP: 21/28 MP: 14/19
   677 | D        | Noticed an orange demon
   679 | D        | Reached skill level 10 in Spellcasting
   692 | D        | Learned a level 5 spell: Fireball
   703 | D        | Became a worshipper of Vehumet
   809 | D        | Found a glowing silver altar of Zin.
   810 | D        | Found a glowing golden altar of the Shining One.
   810 | D        | Found a white marble altar of Elyvilon.
   810 | D        | Noticed a deep elf mage
   814 | D        | Killed a deep elf mage
   814 | D        | Reached skill level 5 in Dodging
   814 | D        | Reached skill level 12 in Spellcasting
   814 | D        | Reached XP level 6. HP: 15/38 MP: 14/23
   814 | D        | Reached XP level 7. HP: 17/42 MP: 14/24
   994 | D        | Found an ornate altar of the Wu Jian Council.
   994 | D        | Found a roughly hewn altar of Beogh.
   994 | D        | Found an iron altar of Okawaru.
   994 | D        | Found a bloodstained altar of Trog.
   994 | D        | Found a hide-covered altar of Uskayaw.
   994 | D        | Noticed a human
   996 | D        | Noticed a human
   997 | D        | Killed a human
   998 | D        | Killed a human
   998 | D        | Reached * piety under Vehumet
   998 | D        | Offered knowledge of Shock by Vehumet.
  1078 | D        | Found a basalt altar of Yredelemnul.
  1078 | D        | Found a shadowy altar of Dithmenos.
  1078 | D        | Found a sacrificial altar of Ru.
  1080 | D        | Reached skill level 13 in Spellcasting
  1128 | D        | Noticed a shadow
  1136 | D        | Reached ** piety under Vehumet
  1136 | D        | Offered knowledge of Freeze by Vehumet.
  1137 | D        | Killed a shadow
  1137 | D        | Reached XP level 8. HP: 42/48 MP: 14/27
  1201 | D        | Found a blossoming altar of Fedhas.
  1201 | D        | Found a stormy altar of Qazlal.
  1201 | D        | Found a snail-covered altar of Cheibriados.
  1201 | D        | Found a burning altar of Makhleb.
  1201 | D        | Found a shimmering altar of Xom.
  1202 | D        | Found a hazy altar of Hepliaklqana.
  1202 | D        | Found an opulent altar of Gozag.
  1202 | D        | Found a sparkling altar of Nemelex Xobeh.
  1202 | D        | Found a corrupted altar of Lugonu.
  1202 | D        | Found a viscous altar of Jiyva.
  1219 | D        | Reached skill level 5 in Short Blades
  1301 | D        | Offered knowledge of Ignite Poison by Vehumet.
  1306 | D        | Learned a level 3 spell: Ignite Poison
  1312 | D        | Reached *** piety under Vehumet
  1464 | D        | Noticed a two-headed ogre
  1464 | D        | Noticed Erolcha
  1487 | D        | Killed Erolcha
  1487 | D        | Offered knowledge of Fulminant Prism by Vehumet.
  1487 | D        | Reached skill level 5 in Fighting
  1487 | D        | Reached skill level 5 in Armour
  1487 | D        | Reached skill level 14 in Spellcasting
  1487 | D        | Reached XP level 9. HP: 35/55 MP: 6/29
  1492 | D        | Killed a two-headed ogre
  1492 | D        | Reached skill level 15 in Spellcasting
  1604 | D        | Noticed a two-headed ogre
  1610 | D        | Killed a two-headed ogre
  1610 | D        | Reached skill level 10 in Fire Magic
  1610 | D        | Reached skill level 1 in Poison Magic
  1722 | D        | Reached **** piety under Vehumet
  1722 | D        | Offered knowledge of Iskenderun's Battlesphere by Vehumet.
  1821 | D        | Noticed a queen bee
  1830 | D        | Reached ***** piety under Vehumet
  1834 | D        | Reached ****** piety under Vehumet
  1835 | D        | Killed a queen bee
  1835 | D        | Reached skill level 16 in Spellcasting
  1838 | D        | Reached skill level 10 in Conjurations
  1838 | D        | Reached XP level 10. HP: 61/61 MP: 17/32
  1848 | D        | Offered knowledge of Throw Icicle by Vehumet.
  1857 | D        | Learned a level 4 spell: Throw Icicle
  1990 | D        | Reached skill level 1 in Ice Magic
  2034 | D        | Noticed a spiny frog
  2034 | D        | Noticed a spiny frog
  2040 | D        | Killed a spiny frog
  2048 | D        | Mangled by a spiny frog

Vault maps used:
D:        dungeon_sprint_mu

Skill      XL: |  1  2  3  4  5  6  7  8  9 10 |
---------------+-------------------------------+-----
Spellcasting   | 6 9 12 13 14 16 | 16.7
Conjurations   | 3 4 5 7 8 9 10 | 10.5
Fire Magic     | 4 6 7 8 9 10 | 10.8
Fighting       | 3 4 5 6 |  6.6
Short Blades   | 3 4 6 7 |  7.9
Armour         | 3 4 5 6 |  6.4
Dodging        | 5 6 7 9 |  9.8
Poison Magic   | 3 4 |  4.9
Ice Magic      | 1 |  1.9
Stealth        | |  2.4

Action                   |  1- 3 |  4- 6 |  7- 9 | 10-12 || total
-------------------------+-------+-------+-------+-------++-------
Melee: Dagger            |       |     1 |     2 |       ||     3
 Cast: Flame Tongue      |    24 |     3 |    81 |    34 ||   142
       Conjure Flame     |     1 |       |    11 |       ||    12
       Sticky Flame      |       |     3 |     5 |     2 ||    10
       Fireball          |       |       |     5 |     1 ||     6
       Inner Flame       |       |       |     6 |     5 ||    11
       Throw Flame       |       |       |     2 |     1 ||     3
  Use: Potion            |     5 |     1 |     1 |       ||     7
       Scroll            |     4 |       |       |     1 ||     5
 Stab: Sleeping          |       |     1 |       |       ||     1
  Eat: Chunk             |       |       |     3 |       ||     3
       Fruit             |       |       |       |     2 ||     2
Dodge: Dodged            |     3 |     5 |     6 |     2 ||    16

Table legend:
 A = Spawn XP
 B = Non-spawn XP
 C = Spawn XP percentage of total XP
 D = Spawn monster count
 E = Non-spawn monster count
 F = Spawn count percentage of total count
 G = Total turns spent on level
                    A         B        C        D         E        F      G
               +---------+---------+-------+---------+---------+-------+---------
         Total |       0 |    7890 |   0.0 |       0 |      61 |   0.0 |  2048
               +---------+---------+-------+---------+---------+-------+---------
             D |       0 |    7890 |   0.0 |       0 |      61 |   0.0 |  2048
               +---------+---------+-------+---------+---------+-------+---------
